 Dungeon Crawl Stone Soup version 0.30-a0-457-g4b7bca3bfa (webtiles) character file.

Game seed: 469063935061140072

735 bande the Chopper (level 7, -5/44 HPs)
             Began as a Gargoyle Fighter on Dec 13, 2022.
             Slain by a shadow (12 damage)
             ... on level 5 of the Dungeon.
             The game lasted 00:08:29 (4517 turns).

bande the Chopper (Gargoyle Fighter)                Turns: 4517, Time: 00:08:30

Health: -5/44      AC: 21    Str: 20    XL:     7   Next: 74%
Magic:  7/7        EV:  4    Int:  8    God:
Gold:   245        SH: 14    Dex: 11    Spells: 6/6 levels left

rFire   + . .      SeeInvis .    a - +0 war axe (freeze)
rCold   . . .      Faith    .    q - +0 kite shield
rNeg    + . .      Spirit   .    k - +0 plate armour
rPois   ∞          Reflect  +    (no helmet)
rElec   +          Harm     .    p - +0 cloak
rCorr   .          Rampage  .    (no gloves)
Will    .....                    u - +0 pair of boots
Stlth   ..........               g - amulet of reflection
HPRegen 0.27/turn                (no ring)
MPRegen 0.10/turn                (no ring)

@: no status effects
A: sickness immunity, AC +4, negative energy resistance 1, electricity
resistance, torment resistance 1, petrification resistance, iridescent scales 1,
fire resistance 1, sense surroundings 1
a: no special abilities


You were on level 5 of the Dungeon.
You visited 2 branches of the dungeon, and saw 6 of its levels.

You collected 245 gold pieces.

Inventory:

Hand Weapons
 a - a +0 war axe of freezing (weapon)
 r - a +0 war axe of freezing
Missiles
 f - a throwing net (quivered)
Armour
 k - a +0 plate armour (worn)
 p - a +0 cloak (worn)
 q - a +0 kite shield (worn)
 u - a +0 pair of boots (worn)
Jewellery
 g - an amulet of reflection (around neck)
 s - an amulet of magic regeneration
Scrolls
 b - 4 scrolls of teleportation
 e - 4 scrolls of fear
 o - a scroll of magic mapping
Potions
 d - a potion of might
 h - 4 potions of invisibility
 i - 2 potions of curing
 j - a potion of mutation
 l - 2 potions of cancellation
 m - 3 potions of haste
 n - a potion of brilliance


   Skills:
 + Level 4.6 Fighting
 + Level 5.5 Axes
 + Level 5.1 Armour
 + Level 5.2 Shields


You had 6 spell levels left.
You didn't know any spells.
Your spell library contained the following spells:

 Spells                   Type           Power      Damage    Failure   Level
 Foxfire                  Conj/Fire      0%         2x1d4     100%        1
 Anguish                  Hex/Necr       0%         N/A       100%        4
 Fireball                 Conj/Fire      0%         3d3       100%        5
 Summon Mana Viper        Hex/Summ       0%         N/A       100%        5
 Starburst                Conj/Fire      0%         6d3       100%        6
 Borgnjor's Revivificati  Necr           0%         N/A       100%        8


Dungeon Overview and Level Annotations

Branches:
Dungeon (5/15)             Temple (1/1) D:4

Altars:
Elyvilon
Makhleb
Trog
Uskayaw
Vehumet
Wu Jian
Xom
Yredelemnul
The Shining One

Shops:
D:2 [


Innate Abilities, Weirdness & Mutations

You are immune to sickness and miasma.
Your stone body is resilient. (AC +4)
You are immune to poison.
You resist negative energy. (rN+)
You are resistant to electric shocks. (rElec)
You are resistant to unholy torment.
You are immune to petrification.
You are partially covered in iridescent scales. (AC +2)
Your flesh is heat resistant. (rF+)
You passively map a small area around you.


Message History

The shadow is lightly damaged.
The shadow hits you.
Unknown command.
You closely miss the shadow.
The shadow is lightly damaged.
You block the shadow's attack. The shadow hits you!
You closely miss the shadow.
The shadow is lightly damaged.
You block the shadow's attack.
You barely miss the shadow.
The shadow is lightly damaged.
The shadow slips into darkness.
The shadow flickers and vanishes!
Deactivating autopickup; reactivate with Ctrl-A.
You miss something.
The shadow strikes at you from the darkness!
Reactivating autopickup.
The shadow hits you.
You hit the shadow but do no damage.
The shadow is lightly damaged.
The shadow slips into darkness.
The shadow flickers and vanishes!
Deactivating autopickup; reactivate with Ctrl-A.
You hit something.
The shadow strikes at you from the darkness!
* * * LOW HITPOINT WARNING * * *
Reactivating autopickup.
You completely miss the shadow.
The shadow is moderately damaged.
The shadow hits you.
* * * LOW HITPOINT WARNING * * *
The shadow barely misses you.
You slash the shadow!
The shadow is heavily damaged.
The shadow slips into darkness.
The shadow flickers and vanishes!
Deactivating autopickup; reactivate with Ctrl-A.
You slash something!
The shadow strikes at you from the darkness!
You die...

####........ .........
,, ..........#.#........
*#........#.#..#..... #.
#........#..........
#..##........###........
,
..................(.....
..................#.....
..####.###.#.###.#.....
,* #@# #.#........... ,
#{# #.#.........#. **
#.# #.#...#.....#. ,
...,#.....#.#...#. **
###.......#.#...#. , * *
* #.............#. ,
................. ,
..##...#.###.#.#. * .#
#...... . .#.


There were no monsters in sight!

Vanquished Creatures
  Grinder (D:3)
  An ogre (D:4)
  A scorpion (D:4)
  A howler monkey (D:4)
  A hound (D:4)
  A jelly (D:4)
  A gnoll bouda (D:4)
  Jessica (D:3)
  9 gnolls
  7 adders
  5 worms
  3 dart slugs
  6 bats
  6 endoplasms
  A giant cockroach (D:3)
  5 goblins
  9 hobgoblins
  3 jackals (D:3)
  7 kobolds
  4 quokkas (D:1)
  10 ball pythons
  3 frilled lizards
  6 rats
92 creatures vanquished.

Notes
Turn   | Place    | Note
-------+----------+-------------------------------------------
     0 | D:1      | bande the Gargoyle Fighter began the quest for the Orb.
     0 | D:1      | Reached XP level 1. HP: 14/14 MP: 1/1
    28 | D:1      | Found a faded altar of an unknown god.
   145 | D:1      | Reached XP level 2. HP: 19/19 MP: 2/2
   360 | D:1      | You fall into a shaft and drop 1 floor!
   473 | D:1      | Reached XP level 3. HP: 11/23 MP: 3/3
  1240 | D:2      | Found Xacwoxun's Armour Shop.
  1638 | D:2      | Reached XP level 4. HP: 29/29 MP: 4/4
  2191 | D:3      | Reached XP level 5. HP: 33/33 MP: 5/5
  2245 | D:3      | Found a white marble altar of Elyvilon.
  2290 | D:3      | Noticed Jessica
  2298 | D:3      | Killed Jessica
  2353 | D:3      | Gained mutation: You passively map a small area around you.
                  | [potion of mutation]
  2353 | D:3      | Gained mutation: You have hidden genetic potential. [potion
                  | of mutation]
  2517 | D:3      | Found a bloodstained altar of Trog.
  2532 | D:3      | Noticed Grinder
  2532 | D:3      | Paralysed by Grinder for 4 turns
  2538 | D:3      | Paralysed by Grinder for 3 turns
  2544 | D:3      | Paralysed by Grinder for 5 turns
  2552 | D:3      | Paralysed by Grinder for 3 turns
  2561 | D:3      | Paralysed by Grinder for 5 turns
  2569 | D:3      | Killed Grinder
  2570 | D:3      | Reached XP level 6. HP: 9/38 MP: 6/6
  2589 | D:3      | Gained mutation: You are partially covered in iridescent
                  | scales. (AC +2) [hidden potential]
  2889 | D:3      | Got the Handbook of the Boiling Point
  3076 | D:3      | Found a shimmering altar of Xom.
  3099 | D:3      | Found a shimmering altar of Xom.
  3100 | D:3      | Found a shimmering altar of Xom.
  3390 | D:4      | Reached XP level 7. HP: 43/43 MP: 7/7
  3445 | D:4      | Reached skill level 5 in Shields
  3506 | D:4      | Found a staircase to the Ecumenical Temple.
  3537 | Temple   | Entered the Ecumenical Temple
  3638 | D:4      | Reached skill level 5 in Axes
  3638 | D:4      | Reached skill level 5 in Armour
  3649 | D:4      | Gained mutation: Your flesh is heat resistant. (rF+)
                  | [hidden potential]
  3649 | D:4      | Lost mutation: You have hidden genetic potential. [hidden
                  | potential expressed]
  3841 | D:4      | HP: 1/44 [ogre/+0 giant club (5)]
  4457 | D:5      | Entered Level 5 of the Dungeon
  4502 | D:5      | Noticed a shadow
  4517 | D:5      | Slain by a shadow

Illustrated notes

Levels and vault maps discovered:
D:1:      elethiomel_arrival_shortcut, layout_basic, serial_glass,
          glass_columns_a, glass_columns_a, hellmonk_ecumenical_altar_blasted,
          st_stairs_5, dreamdust_princess_corridor, minmay_splitting_lines,
          minmay_three_crescents
D:2:      layout_basic, serial_shops, shop, minmay_pentomino_s4
D:3:      layout_basic, elyvilon_altar_3, xom_redecorated,
          mainiacjoe_overflow_24_doors, uniq_jessica, uniq_grinder
D:4:      layout_basic, minmay_temple_entry_mist
D:5:      layout_basic, old_standard_altar, minmay_manual_monolith, uniq_duvessa
Temple:   nicolae_temple_ecumenical_triangle

Skill      XL: |  1  2  3  4  5  6  7 |
---------------+----------------------+-----
Axes           | 2 3 4 5 |  5.5
Armour         | 4 5 |  5.1
Shields        | 4 5 |  5.2
Fighting       | 4 |  4.6

Action                   |  1- 3 |  4- 6 |  7- 9 || total
-------------------------+-------+-------+-------++-------
Melee: War axe           |   121 |   103 |    76 ||   300
  Use: Scroll            |     5 |     7 |     5 ||    17
       Potion            |       |     1 |       ||     1
 Stab: Distracted        |     1 |       |       ||     1
Armor: Scale mail        |    32 |       |       ||    32
       Chain mail        |    31 |    39 |       ||    70
       Plate armour      |       |    40 |    33 ||    73
Dodge: Dodged            |    59 |    28 |    13 ||   100
Block: Buckler           |    37 |    52 |    31 ||   120
       Reflection        |     1 |       |     1 ||     2
       Kite shield       |       |       |     2 ||     2

Table legend: (Time is in decaauts)
 A = Elapsed time spent in this place.
 B = Non-inter-level travel time spent in this place.
 C = Inter-level travel time spent in this place.
 D = Time resting spent in this place.
 E = Time spent auto-exploring this place.
 F = Levels seen in this place.
 G = Mean time per level.
                   A        B        C        D        E       F      G
               +--------+--------+--------+--------+--------+-----+--------+
         Total |   4635 |   4414 |    221 |    553 |   2719 |   6 |  772.5 |
       Dungeon |   4578 |   4357 |    221 |    553 |   2685 |   5 |  915.6 |
        Temple |     56 |     56 |      0 |      0 |     34 |   1 |   56.0 |
               +--------+--------+--------+--------+--------+-----+--------+

Top non-repeatable levels by time:
     D:1: 1212 daAuts
     D:3: 1157 daAuts
     D:4: 1109 daAuts
     D:2: 1036 daAuts
     D:5: 64 daAuts
  Temple: 56 daAuts
